 Dungeon Crawl Stone Soup version 0.22-a0-414-gacd343e (webtiles) character file.

267 w00t the Chopper (level 6, 0/49 HPs)
             Began as a Demonspawn Monk on May 14, 2018.
             Succumbed to a water moccasin's poison
             ... on level 3 of the Dungeon.
             The game lasted 00:05:37 (2331 turns).

w00t the Chopper (Demonspawn Monk)                  Turns: 2331, Time: 00:05:38

Health: 0/49       AC:  4    Str: 13    XL:     6   Next: 0%
Magic:  5/6        EV: 13    Int: 12    God:
Gold:   133        SH:  0    Dex: 18    Spells: 5/5 levels left

rFire    . . .     SeeInvis .   a - +0 war axe
rCold    . . .     Gourm    .   (no shield)
rNeg     . . .     Faith    .   p - +0 leather armour
rPois    .         Spirit   +   (helmet restricted)
rElec    .         Reflect  .   (no cloak)
rCorr    .         Harm     .   o - +0 pair of gloves
MR       .....                  (no boots)
Stlth    +++.......             i - amulet of regeneration {+regen, !d}
HPRegen  0.56/turn              h - ring of wizardry {Wiz+, !d}
MPRegen  0.20/turn              r - +3 ring of dexterity

@: lethally poisoned (0 -> -5), hasted, very quick
A: antennae 1, nightstalker 1, magic shield, magic regeneration
a: no special abilities


You were on level 3 of the Dungeon.
You were not hungry.

You visited 1 branch of the dungeon, and saw 3 of its levels.

You collected 133 gold pieces.

Inventory:

Hand Weapons
 a - a +0 war axe (weapon)
Missiles
 m - 50 stones (quivered)
 n - 59 sling bullets
Armour
 b - a +0 robe
 o - a +0 pair of gloves (worn)
 p - a +0 leather armour (worn)
Jewellery
 h - a ring of wizardry (left hand) {Wiz+, !d}
 i - an amulet of regeneration (around neck) {+regen, !d}
 r - a +3 ring of dexterity (right hand)
Scrolls
 e - a scroll of immolation {unknown}
 f - 3 scrolls of blinking {!r}
 j - a scroll of remove curse {unknown}
 l - a scroll of identify {unknown}
 t - a scroll of magic mapping {unknown}
 v - 2 scrolls of fear {unknown}
Comestibles
 c - 8 rations
 d - 4 chunks of flesh


   Skills:
 + Level 4.5 Fighting
 * Level 5.3 Axes
 - Level 2.6 Dodging
 - Level 1.7 Stealth


You had 5 spell levels left.
You didn't know any spells.
Your spell library was empty.

Dungeon Overview and Level Annotations

Branches:
Dungeon (3/15)

Altars:
Ashenzari
Dithmenos
Xom

Annotations:
D:2 exclusion: Sigmund, Sigmund
D:3 Natasha, Robin


Innate Abilities, Weirdness & Mutations

You have a pair of small antennae on your head.
You are slightly more attuned to the shadows.
When hurt, damage is shared between your health and your magic reserves.
You regenerate magic rapidly.


Message History

* * * LOW HITPOINT WARNING * * *
You feel sick.
* * * LOW HITPOINT WARNING * * *
You feel sick.
* * * LOW HITPOINT WARNING * * *
You feel sick.
* * * LOW HITPOINT WARNING * * *
You feel sick.
* * * LOW HITPOINT WARNING * * *
You feel sick.
* * * LOW HITPOINT WARNING * * *
You feel sick.
* * * LOW HITPOINT WARNING * * *
You feel sick.
You aren't carrying any potions.
* * * LOW HITPOINT WARNING * * *
You feel sick.
* * * LOW HITPOINT WARNING * * *
You feel sick.
You die...

#. #(.# #.##.....
........##
.###'#...#.##
........# ............
....>...# ##..........
........_ .'......##.#
#...... #..[..$##.#
#.... .# #.....@##.#
#..##..##
#.........####......##
#####.....†.........##
#....##.....###...
#....##.##..# #
#.###.......... #.#
#.#.##..### #.#
#.#.....#
#.###.####.##


There were no monsters in sight!

Vanquished Creatures
  A water moccasin (D:3)
  An orc priest (D:2)
  An orc wizard (D:2)
  2 adders
  2 worms
  2 dart slugs (D:1)
  2 leopard geckos
  2 orcs (D:2)
  3 bats
  4 giant cockroaches
  15 goblins
  8 hobgoblins
  2 jackals (D:1)
  8 kobolds
  3 frilled lizards (D:1)
  8 rats
64 creatures vanquished.

Notes
Turn   | Place    | Note
-------+----------+-------------------------------------------
     0 | D:1      | w00t the Demonspawn Monk began the quest for the Orb.
     0 | D:1      | Reached XP level 1. HP: 18/18 MP: 1/1
   149 | D:1      | Reached skill level 3 in Axes
   408 | D:1      | Gained mutation: When hurt, damage is shared between your health and your magic reserves. [demonic ancestry]
   408 | D:1      | Reached XP level 2. HP: 24/24 MP: 2/2
   819 | D:1      | Reached XP level 3. HP: 29/29 MP: 3/3
  1321 | D:2      | Found a shadowy altar of Dithmenos.
  1321 | D:2      | Noticed Sigmund
  1590 | D:2      | Reached skill level 4 in Axes
  1590 | D:2      | Gained mutation: You have a pair of small antennae on your head. [demonic ancestry]
  1590 | D:2      | Reached XP level 4. HP: 13/37 MP: 2/4
  1867 | D:2      | Found a shimmering altar of Xom.
  1974 | D:3      | Noticed Robin
  2012 | D:2      | Gained mutation: You regenerate magic rapidly. [demonic ancestry]
  2012 | D:2      | Reached XP level 5. HP: 18/42 MP: 2/5
  2112 | D:3      | Noticed Natasha
  2285 | D:3      | Found a shattered altar of Ashenzari.
  2295 | D:3      | Noticed a water moccasin
  2317 | D:3      | Killed a water moccasin
  2317 | D:3      | Reached skill level 5 in Axes
  2317 | D:3      | Gained mutation: You are slightly more attuned to the shadows. [demonic ancestry]
  2317 | D:3      | Reached XP level 6. HP: 14/49 MP: 3/6
  2328 | D:3      | HP: 1/49 [poisoned by a water moccasin]
  2331 | D:3      | Succumbed to a water moccasin's poison

Vault maps used:
D:1:      minmay_arrival_jagged, minivault_24, minmay_split_cup_large
D:2:      grunt_temple_overflow_open, guppyfry_early_lair_pool, uniq_sigmund
D:3:      cheibrodos_ashenzari_chains, uniq_robin, uniq_natasha

Skill      XL: |  1  2  3  4  5 |
---------------+----------------+-----
Axes           | 3 4 5 |  5.3
Fighting       | 4 |  4.5
Dodging        | |  2.6
Stealth        | |  1.7

Action                   |  1- 3 |  4- 6 || total
-------------------------+-------+-------++-------
Melee: Hand axe          |   125 |       ||   125
       War axe           |     6 |    69 ||    75
Throw: Javelin           |    15 |     9 ||    24
       Stone             |       |     6 ||     6
  Use: Potion            |       |     3 ||     3
       Scroll            |       |     2 ||     2
 Stab: Sleeping          |     2 |       ||     2
  Eat: Chunk             |     2 |     3 ||     5
Armor: Robe              |    12 |       ||    12
       Leather armour    |    20 |    17 ||    37
Dodge: Dodged            |    97 |    79 ||   176

Table legend:
 A = Spawn XP
 B = Non-spawn XP
 C = Spawn XP percentage of total XP
 D = Spawn monster count
 E = Non-spawn monster count
 F = Spawn count percentage of total count
 G = Total turns spent on level
                    A         B        C        D         E        F      G
               +---------+---------+-------+---------+---------+-------+---------
         Total |       0 |     382 |   0.0 |       0 |      64 |   0.0 |  2331
               +---------+---------+-------+---------+---------+-------+---------
           D:1 |       0 |      50 |   0.0 |       0 |      28 |   0.0 |  1232
           D:2 |       0 |     144 |   0.0 |       0 |      27 |   0.0 |   856
           D:3 |       0 |     188 |   0.0 |       0 |       9 |   0.0 |   243
               +---------+---------+-------+---------+---------+-------+---------
